AoeStats
← audi

Arabia

508477575Analyzed
2v2 RM · 10d ago on Sep 22, 2026· 32m 31s· 4 players
Game mode
Random Map
Map size
Medium (4 player)
Population
200
Speed
Normal
Resources
Standard
Victory
Conquest
Starting age
Dark Age
Ending age
Imperial Age
RankedLock teamsTeams togetherTeam positionsShared explorationLock speedFull tech treeHidden civsTurbo modeCheats
Victory
Defeat
🇨🇿 Vikings · Czechia
1151
+16
🇺🇦 Franks · Ukraine
1140
+17
🇩🇪 Random · Germany
1195
-18
🇹🇷 Teutons · Türkiye
1125
-15
Azmir
10:11 Feudal Age
10:48 Loom
13:11 Double-Bit Axe
16:39 Fletching
21:42 Castle Age
20:04 Gold Mining
20:10 Horse Collar
21:46 Padded Archer Armor
23:16 Bow Saw
23:23 Bodkin Arrow
23:02 Crossbowman
23:41 Pikeman
25:46 Leather Archer Armor
26:55 Ballistics
33:35 Imperial Age
31:32 Town Watch
31:50 Stone Mining
Sealion42
6:23 Loom
9:10 Feudal Age
10:14 Double-Bit Axe
15:14 Wheelbarrow
20:35 Castle Age
19:58 Scale Barding Armor
21:42 Bow Saw
27:02 Chain Barding Armor
Bisashiggy
7:17 Loom
9:32 Feudal Age
10:08 Horse Collar
10:20 Double-Bit Axe
15:36 Man-at-Arms
23:29 Scale Mail Armor
26:17 Castle Age
24:51 Forging
26:25 Pikeman
30:05 Bow Saw
30:56 Wheelbarrow
31:31 Arson
31:46 Squires
audi
3:22 Loom
9:44 Feudal Age
11:02 Double-Bit Axe
14:52 Scale Barding Armor
19:11 Horse Collar
22:10 Forging
25:45 Castle Age
24:48 Scale Mail Armor
25:17 Bloodlines
25:51 Pikeman
26:32 Squires
Connection lost

Rejoining the realm…

Still unreachable

The connection could not be restored.

Session expired

The server has moved on; the page needs a fresh start.